 Dungeon Crawl Stone Soup version 0.28.0-53-g5a82cb258f (webtiles) character file.

Game seed: 4264697414481553977

66 worthlessgem the Changer (level 3, 0/22 HPs)
             Began as a Felid Transmuter on Aug 23, 2022.
             Succumbed to an adder's poison
             ... on level 3 of the Dungeon.
             The game lasted 00:04:45 (2196 turns).

worthlessgem the Changer (Felid Transmuter)         Turns: 2196, Time: 00:04:46

Health: 0/22       AC: 21    Str:  6    XL:     3   Next: 96%
Magic:  7/7        EV:  4    Int: 16    God:
Gold:   43         SH:  0    Dex: 16    Spells: 2/6 levels left
                                        Lives:  0   Deaths: 0

rFire   . . .      SeeInvis +     - Unarmed
rCold   . . .      Faith    .   (shield unavailable)
rNeg    . . .      Spirit   .   (armour unavailable)
rPois   +          Reflect  .   (helmet unavailable)
rElec   .          Harm     .   (cloak unavailable)
rCorr   .          Rampage  .   (gloves unavailable)
Will    .....      NoTele   +   (boots unavailable)
Stlth   +.........              (no amulet)
HPRegen 0.07/turn               (no ring)
MPRegen 0.10/turn               (no ring)

@: lethally poisoned (0 -> -3), tree-form
A: stationary, stasis, torment immunity, boosted hp, very small, (claws 1),
(fangs 3), see invisible, (speed 1), (shaggy fur 1), (stealthy paws), no weapons
or thrown items, no armour, multi-lived, (large bone plates 1), subdued magic 1
a: no special abilities


You were on level 3 of the Dungeon.
You were a tree.
You visited 1 branch of the dungeon, and saw 3 of its levels.

You collected 43 gold pieces.

Inventory:

Missiles
 b - 82 stones
Jewellery
 d - an amulet of regeneration
Scrolls
 a - 3 scrolls of blinking {unknown}
 c - a scroll of immolation {unknown}
 e - 2 scrolls of identify {unknown}
 h - a scroll of acquirement {unknown}
Potions
 f - a potion of flight
 j - a potion of berserk rage {unknown}


   Skills:
 - Level 1.0 Fighting
 - Level 3.3 Dodging
 - Level 3.0 Unarmed Combat
 - Level 2.0 Spellcasting
 * Level 4.2 Transmutations
 + Level 0.8 Poison Magic


You had 2 spell levels left.
You knew the following spells:

 Your Spells              Type           Power      Damage    Failure   Level
a - Beastly Appendage     Tmut           22%        N/A       2%          1
b - Spider Form           Tmut/Pois      7%         N/A       19%         3

Your spell library contained the following spells:

 Spells                   Type           Power      Damage    Failure   Level
 Wereblood                Tmut           11%        N/A       4%          2
 Ice Form                 Ice/Tmut       6%         N/A       61%         4


Dungeon Overview and Level Annotations

Branches:
Dungeon (3/15)

Altars:


Innate Abilities, Weirdness & Mutations

You are a tree.
Your roots penetrate the ground, keeping you stationary.
You cannot be teleported.
You are immune to unholy pain and torment.
Your maximum health is greatly increased.
((You have sharp claws.))
((You have razor-sharp teeth.))
You have supernaturally acute eyesight. (SInv)
((You cover ground quickly. (Speed+)))
((You are covered in fur. (AC +1)))
((Your paws help you pounce on unaware monsters.))
You are incapable of wielding weapons or throwing items.
You cannot wear armour.
You gain extra lives every three experience levels.
((You are partially covered in large bone plates. (SH +4)))
Your spells are a little easier to cast, but a little less powerful.


Message History

You grow a pair of large bovine horns.
Your transformation is almost over.
You climb downwards.
The adder barely misses you. x2
There is a stone staircase leading up here.
You scratch the adder.
The adder is moderately wounded.
The adder misses you.
You barely miss the adder. You bite the adder.
The adder is heavily wounded.
The adder bites you.
You scratch the adder but do no damage.
The adder is heavily wounded.
The adder misses you.
You scratch the adder. Your headbutt misses the adder.
The adder is almost dead.
The adder bites you.
You are lethally poisoned!
The adder poisons you! The adder misses you.
You barely miss the adder. Your claw misses the adder.
The adder is almost dead.
* * * LOW HITPOINT WARNING * * *
You feel sick. The adder completely misses you.
You scratch the adder.
You kill the adder!
* * * LOW HITPOINT WARNING * * *
You feel sick.
It was a potion of flight.
You feel very buoyant.
You fly up into the air.
Your horns disappear.
* * * LOW HITPOINT WARNING * * *
You feel sick.
It was a potion of lignification.
You turn into a tree.
Your roots penetrate the ground.
* * * LOW HITPOINT WARNING * * *
You feel sick.
It was a potion of mutation.
You feel extremely strange.
Your connection to magic feels subdued.
Large bone plates grow over parts of your legs.
You die...

.....................
...........#.#.......
..................S<.
.......###.#.#.......
##.#+#.# .# #......#
#.#.#$ # #......# #
#... ......... #.#
.#......# #♣#
#....... #†# ........
#.# ... ... ...##
.... .....


There were no monsters in sight!

Vanquished Creatures
  3 adders
  A worm (D:2)
  2 ball pythons
  4 endoplasms
  A giant cockroach (D:1)
  5 hobgoblins
  2 quokkas
  3 bats (D:1)
  A frilled lizard (D:2)
  6 goblins
  3 kobolds
  4 rats
35 creatures vanquished.

Notes
Turn   | Place    | Note
-------+----------+-------------------------------------------
     0 | D:1      | worthlessgem the Felid Transmuter began the quest for the
                  | Orb.
     0 | D:1      | Reached XP level 1. HP: 9/9 MP: 4/4
   422 | D:1      | Reached XP level 2. HP: 6/12 MP: 3/6
   835 | D:1      | Reached skill level 3 in Transmutations
  1388 | D:2      | Found a faded altar of an unknown god.
  1490 | D:2      | Reached XP level 3. HP: 15/15 MP: 7/7
  1494 | D:2      | Learned a level 3 spell: Spider Form
  1682 | D:2      | Reached skill level 4 in Transmutations
  2195 | D:3      | HP: 1/22 [poisoned by an adder]
  2196 | D:3      | Gained mutation: Your spells are a little easier to cast,
                  | but a little less powerful. [potion of mutation]
  2196 | D:3      | Gained mutation: You are partially covered in large bone
                  | plates. (SH +4) [potion of mutation]
  2196 | D:3      | Succumbed to an adder's poison

Illustrated notes

Levels and vault maps discovered:
D:1:      nzn_arrival_water_spiral, layout_loops_cross, serial_park_tiny_2,
          minmay_tetromino_o2
D:2:      layout_loops_ring, shapermc_ecumenical_altar_pompeii
D:3:      layout_basic, nemelex_spade_bored_becter, minmay_puff, uniq_grinder

Skill      XL: |  1  2  3 |
---------------+----------+-----
Dodging        | 3 |  3.3
Transmutations | 3 4 |  4.2
Fighting       | |  1.0
Unarmed Combat | |  3.0
Spellcasting   | |  2.0
Poison Magic   | |  0.8

Action                   || total
-------------------------++-------
Melee: Unarmed           ||   100
       Headbutt          ||    12
       Bite              ||     8
       Punch             ||     4
 Cast: Beastly Appendage ||    21
  Use: Potion            ||     3
 Stab: Sleeping          ||     1
Armor: Skin              ||     3
Dodge: Dodged            ||    74
